 Dungeon Sprint DCSS version 0.31-a0-986-g5e6e4ef867 (webtiles) character file.

Game seed: 2830903598514556393

3 rocky1 the Changeling (level 1, 0/13 HPs)
             Began as an Octopode Shapeshifter on Nov 14, 2023.
             Slain by a human (4 damage)
             ... in the Dungeon (Sprint III: "The Ten Rune Challenge").
             The game lasted 00:00:14 (71 turns).

rocky1 the Changeling (Octopode Shapeshifter)         Turns: 71, Time: 00:00:15

Health: 0/13       AC:  1    Str: 13    XL:     1   Next: 50%
Magic:  1/1        EV: 13    Int: 12    God:
Gold:   0          SH:  0    Dex: 11    Spells: 0/0 levels left

rFire   . .          .
                       - Unarmed
rCold   . . .        (no shield)
rNeg    . . .        (helmet currently unavailable)
rPois   .            (no amulet)
rElec   .            (no ring)
rCorr   .            (no ring)
SInv    .            (no ring)
Will    .....        (no ring)
Stlth   ++           (no ring)
HPRegen 0.22/turn    (no ring)
MPRegen 0.07/turn    (no ring)
                     (no ring)

%: no teleportation
@: beast-form
A: beast (slay +2), almost no armour, amphibious, 8 rings, camouflage 1,
gelatinous body 1, (nimble swimmer 1), tentacles
a: Begin Untransformation


You were in the Dungeon.
You were a hulking beast.
You visited 1 branch

Inventory:

Talismans
 b - a beast talisman
 c - a flux talisman
Scrolls
 i - a scroll of blinking
 j - a scroll of fear {unknown}
Potions
 a - a potion of lignification
 d - a potion of curing
 e - a potion of heal wounds
 f - a potion of haste
 g - 2 potions of magic
 h - a potion of berserk rage


   Skills:
 + Level 1.0 Fighting
 + Level 2.0 Dodging
 + Level 3.1 Unarmed Combat
 + Level 4.0 Shapeshifting


You couldn't memorise any spells.
You didn't know any spells.
Your spell library was empty.

Dungeon Overview and Level Annotations

Branches:
Dungeon (1/1)

Altars:


Innate Abilities, Weirdness & Mutations

You are a hulking beast.
Your limbs bulge with bestial killing power. (Slay +2)
You cannot wear most types of armour.
You are amphibious.
You can wear up to eight rings at the same time.
Your skin changes colour to match your surroundings (Stealth+).
Your rubbery body absorbs attacks. (AC +1, EV +1)
((You are camouflaged when in or above water. (Stealth+)))
You have tentacles for arms and can constrict up to eight enemies at once.


Message History

Your Shapeshifting skill increases to level 4!
HP restored.
j - a scroll labelled ECVONOU CYAM A rat comes into view.
The helpless rat fails to defend itself.
You tentacle-slap the rat. Your grab misses the rat.
You tentacle-slap the rat, but do no damage.
Your squeeze misses the rat.
The rat is heavily wounded.
The rat closely misses you.
You tentacle-slap the rat.
You kill the rat!
You see here a rat corpse.
A human comes into view.
The human shouts!
You closely miss the human. Your grab misses the human.
The human closely misses you.
You barely miss the human. Your grab misses the human. The human hits you.
You tentacle-slap the human but do no damage.
Your grab misses the human. You squeeze the human!
The human is moderately wounded.
The human misses you.
You tentacle-slap the human. Your grab misses the human.
Your squeeze misses the human.
The human is moderately wounded.
The human hits you!
Ouch! That really hurt!
You barely miss the human. You grab the human. You squeeze the human.
The human is heavily wounded.
You constrict the human, but do no damage.
The human closely misses you.
You tentacle-slap the human but do no damage.
The human is heavily wounded.
You constrict the human, but do no damage.
The human closely misses you.
You tentacle-slap the human.
The human is heavily wounded.
You constrict the human, but do no damage.
The human hits you.
You die...

▓..##.....†.#
▓##.##.##...# .#
##.##.###..# ..#
▓#.####.##..# ...+
▓.###..##..##
#...# ▓#.....##..#
#....#
###..##†..##.....#
##..##....#p.....#
#..###..##h# #(.#
#..#### ▓▓▓▓ ▓▓▓▓


You could see a human.

Vanquished Creatures
  An endoplasm (D)
  3 rats (D)
4 creatures vanquished.

Notes
Turn   | Place    | Note
-------+----------+-------------------------------------------
     0 | D        | rocky1 the Octopode Shapeshifter began the quest for the
                  | Orb.
     0 | D        | Reached XP level 1. HP: 13/13 MP: 1/1
    30 | D        | Reached skill level 4 in Shapeshifting
    71 | D        | Slain by a human

Illustrated notes

Levels and vault maps discovered:
D:        dungeon_sprint_mu [sprint_mu_entry_cave, sprint_mu_temple_rooms,
          sprint_mu_d1_horrors, sprint_mu_d2_genie, sprint_mu_d3_branching,
          sprint_mu_orc_legion, sprint_mu_elf_gauntlet, sprint_mu_hive_nellie,
          sprint_mu_lair_fedhas, sprint_mu_vaults_butterflies,
          sprint_mu_slime_circle, sprint_mu_swamp_cave, sprint_mu_snake_twists,
          sprint_mu_blade_basic, sprint_mu_crypt_chambers,
          sprint_mu_tomb_spiral, sprint_mu_vestibule_basic,
          sprint_mu_gehenna_hellfire, sprint_mu_dis_giant,
          sprint_mu_tartarus_statrot, sprint_mu_cocytus_islands, sprint_mu_zot1]

Skill      XL: |  1 |
---------------+----+-----
Shapeshifting  | 4 |  4.0
Fighting       | |  1.0
Dodging        | |  2.0
Unarmed Combat | |  3.1

Action                     || total
---------------------------++-------
  Melee: Unarmed           ||    12
         Tentacles         ||     3
         Constrict         ||     1
         Punch             ||     1
   Stab: Sleeping          ||     2
 Armour: Skin              ||     4
  Dodge: Dodged            ||     5

Table legend: (Time is in decaauts)
 A = Elapsed time spent in this place.
 B = Non-inter-level travel time spent in this place.
 C = Inter-level travel time spent in this place.
 D = Time resting spent in this place.
 E = Time spent auto-exploring this place.
 F = Levels seen in this place.
 G = Mean time per level.
                   A        B        C        D        E       F      G
               +--------+--------+--------+--------+--------+-----+--------+
         Total |     70 |     70 |      0 |      0 |     31 |   1 |   70.0 |
       Dungeon |     70 |     70 |      0 |      0 |     31 |   1 |   70.0 |
               +--------+--------+--------+--------+--------+-----+--------+

Top non-repeatable levels by time:
       D: 70 daAuts
